 Dungeon Crawl Stone Soup version 0.20.1-1-g8b1a95d (webtiles) character file.

13790 Irenicus the Spear-Bearer (level 12, 0/85 HPs)
             Began as an Octopode Chaos Knight on Oct 13, 2017.
             Slain by a wraith (10 damage)
             ... on level 12 of the Dungeon.
             The game lasted 00:31:37 (10071 turns).

Irenicus the Spear-Bearer (Octopode Chaos Knight)  Turns: 10071, Time: 00:31:39

Health: 0/85       AC:  3    Str: 25    XL:     12   Next: 9%
Magic:  11/12      EV: 24    Int: 23    God:    Xom [..*...]
Gold:   639        SH: 13    Dex: 24    Spells: 11/11 levels left

rFire    . . .     SeeInvis .   p - +9 spear of Indomitability {drain, rPois rC+ Str+4}
rCold    + . .     Gourm    .   e - +3 buckler
rNeg     . . .     Faith    +   (helmet restricted)
rPois    +         Spirit   .   N - amulet of Hepliaklqana's Scorn {Faith *Slow rElec rPois Int+4}
rElec    +         Reflect  .   q - +3 ring of strength
rCorr    .         Harm     .   C - +3 ring of dexterity
MR       .....                  R - +2 ring of strength
Stlth    +++.......             T - +4 ring of intelligence
Regen    0.3/turn               (no ring)
MPRegen  0.2/turn               (no ring)
                                (no ring)
                                (no ring)

@: mighty, agile, lethally poisoned (0 -> -1), glowing
A: almost no armour, stealthy swim, amphibious, 8 rings, constrict 8, large bone
plates 1, molten scales 1, camouflage 1, gelatinous body 1
a: Renounce Religion


You were on level 12 of the Dungeon.
You worshipped Xom.
You were a toy of Xom.
You were not hungry.

You visited 1 branch of the dungeon, and saw 12 of its levels.
You also visited: Ossuary.

You collected 639 gold pieces.

Inventory:

Hand Weapons
 a - a +1 falchion of flaming
 p - the +9 spear of Indomitability (weapon) {drain, rPois rC+ Str+4}
   (You found it on level 4 of the Dungeon)

   A truly terrible weapon, it drains the life of those it strikes.
   It affects your strength (+4).
   It protects you from cold.
   It protects you from poison.
 O - the +7 trident "Noahebry" {flame, Dex+4}
   (You found it on level 9 of the Dungeon)

   It has been specially enchanted to burn those struck by it, causing extra
   injury to most foes and up to half again as much damage against particularly
   susceptible opponents.
   It affects your dexterity (+4).
Armour
 e - a +3 buckler (worn)
Jewellery
 q - a +3 ring of strength (left tentacle)
 v - an uncursed ring of fire
 w - an uncursed ring of ice
 C - a +3 ring of dexterity (right tentacle)
 I - an uncursed ring of fire
 N - the amulet of Hepliaklqana's Scorn (around mantle) {Faith *Slow rElec rPois Int+4}
   (You acquired it on level 12 of the Dungeon)

   [amulet of faith]

   It allows you to gain divine favour quickly.
   It affects your intelligence (+4).
   It insulates you from electricity.
   It protects you from poison.
   It may slow you when you take damage.
 R - a +2 ring of strength (on tentacle)
 T - a +4 ring of intelligence (on tentacle)
Wands
 t - a wand of acid (0/15)
 y - a wand of disintegration (4/24)
 G - a wand of polymorph (14/24)
 J - a wand of disintegration (17/24)
 M - a wand of iceblast (15/15)
Scrolls
 c - a scroll of teleportation
 d - 6 scrolls of remove curse
 g - a scroll of recharging
 i - 13 scrolls of identify
 j - 3 scrolls of immolation
 n - a scroll of fear
 s - 2 scrolls of fog
 x - 2 scrolls of noise
 H - 2 scrolls of brand weapon
 K - a scroll of amnesia
Potions
 f - a potion of degeneration
 h - 2 potions of flight
 o - 2 potions of haste
 u - 2 potions of brilliance
 z - 2 potions of heal wounds
 A - a potion of agility
 B - 3 potions of curing
 L - a potion of might
 P - a potion of resistance {unknown}
 Q - 2 potions of magic
Books
 k - a book of Party Tricks

   Spells                             Type                      Level
   a - Summon Butterflies             Summoning                    1
   b - Apportation                    Translocation                1
   c - Lesser Beckoning               Translocation                3
   d - Tukima's Dance                 Hexes                        3
   e - Alistair's Intoxication        Transmutation/Poison         5
   f - Invisibility                   Hexes                        6
 F - a book of Misfortune

   Spells                             Type                      Level
   a - Confusing Touch                Hexes                        1
   b - Confuse                        Hexes                        3
   c - Gell's Gravitas                Translocation                3
   d - Petrify                        Transmutation/Earth          4
   e - Metabolic Englaciation         Hexes/Ice                    5
   f - Yara's Violent Unravelling     Hexes/Transmutation          5
 S - a book of Flames

   Spells                             Type                      Level
   a - Flame Tongue                   Conjuration/Fire             1
   b - Throw Flame                    Conjuration/Fire             2
   c - Conjure Flame                  Conjuration/Fire             3
   d - Inner Flame                    Hexes/Fire                   3
   e - Sticky Flame                   Conjuration/Fire             4
   f - Fireball                       Conjuration/Fire             5
Comestibles
 b - 10 bread rations
 l - 8 meat rations
 m - 10 fruits
 r - a chunk of flesh
 D - 4 royal jellies


   Skills:
 - Level 9.0 Fighting
 - Level 6.0 Long Blades
 - Level 13.0 Polearms
 + Level 6.9 Dodging
 - Level 7.1 Stealth
 - Level 5.0 Shields
 + Level 0.7 Evocations


You had 11 spell levels left.
You didn't know any spells.

Dungeon Overview and Level Annotations

Branches:
Dungeon (12/15)            Temple (0/1) D:7            Lair (0/6) D:11
    Orc (0/2) D:12

Altars:
Ashenzari
Gozag
Qazlal
Sif Muna
Vehumet
Xom
Yredelemnul

Shops:
D:5 *

Annotations:
D:12 Nessos


Innate Abilities, Weirdness & Mutations

You cannot wear most types of armour.
You are very stealthy in the water. (Stealth+)
You are amphibious.
You can wear up to eight rings at the same time.
You can use your tentacles to constrict eight enemies at once.
Your skin changes colour to match your surroundings (Stealth+).
Your rubbery body absorbs attacks. (AC +1, EV +1)
You are partially covered in large bone plates. (SH +4)
You are partially covered in molten scales. (AC +2)


Message History

You are outlined in light.
It was a potion of mutation.
You feel extremely strange.
Your tentacle spike disappears.
Your slimy green scales disappear.
You feel more energetic.
Your yellow scales disappear.
Large bone plates grow over parts of your tentacles.
Xom roars with laughter!
Molten scales grow over part of your body.
It was a potion of might.
You feel very mighty all of a sudden.
You feel sick.
Nessos casts a spell.
Nessos seems to speed up.
You hear a shout!
You feel much better.
Nessos shoots an arrow.
The arrow hits you!!
* * * LOW HITPOINT WARNING * * *
The arrow burns you!
* * * LOW HITPOINT WARNING * * *
The wraith hits you!
You die...
Xom giggles madly!

####.# #ยง# #.# .## #.....
..# ####.. #.# #.# #.# #.#
#.# #.# ####.# #.###
##.##.# #.#@## .
#...#.########..W.####..c.
..................c..'co..
#...#.########...(####....
......# #....(## . .######
#....## .# #....# .#
##.### .# #(


You could see Nessos and a wraith.

Vanquished Creatures
  Fannar (D:12)
  A hydra (D:12)
  2 two-headed ogres
  A sixfirhy (D:8)
  The ghost of dscm the Cleaver, a novice HOFi of Uskayaw (D:6)
  An ugly thing (D:10)
  2 deep elf magi (D:12)
  A troll (D:9)
  A hornet (D:9)
  A hornet (shapeshifter) (D:11)
  The ghost of Irenicus the Cutter, an amateur OpCK of Xom (D:4)
  2 hippogriffs
  3 wyverns
  9 yaks (D:10)
  Grum (D:8)
  Menkaure (D:4)
  A hungry ghost (D:11)
  A naga (D:6)
  A water moccasin (D:7)
  A black bear (D:9)
  3 orc warriors
  2 sky beasts
  3 slaves (D:6)
  5 ice beasts
  2 phantoms
  4 ogres
  3 wolves (D:8)
  3 centaurs
  A crocodile (shapeshifter) (D:6)
  6 bullfrogs
  A water moccasin zombie (D:5)
  A scorpion (D:7)
  12 killer bees
  3 wights
  6 howler monkeys
  3 crimson imps
  3 bullfrog zombies
  2 jellies
  2 orc priests
  12 hounds
  A bullfrog skeleton (D:8)
  5 orc wizards
  13 worker ants
  A big kobold zombie (Ossuary)
  A hound skeleton (D:10)
  3 mummies (Ossuary)
  Robin (D:2)
  A howler monkey zombie (D:8)
  8 gnolls
  10 adders
  2 shadow imps
  2 oozes
  2 adder skeletons
  An adder zombie (Ossuary)
  2 worms
  A dart slug (D:1)
  9 leopard geckos
  25 orcs
  5 giant cockroaches
  2 gnoll zombies (D:7)
  10 goblins
  17 hobgoblins
  7 jackals (D:7)
  11 kobolds
  4 quokkas
  A ball python (D:2)
  4 bats
  4 frilled lizards
  A goblin zombie (Ossuary)
  4 hobgoblin zombies (Ossuary)
  A jackal zombie (D:8)
  2 kobold zombies (Ossuary)
  2 orc zombies (Ossuary)
  5 quokka zombies (Ossuary)
  17 rats
  2 rat zombies (Ossuary)
297 creatures vanquished.

Vanquished Creatures (collateral kills)
  A two-headed ogre (D:9)
  3 wights (D:9)
  A hound (D:8)
5 creatures vanquished.

Vanquished Creatures (others)
  An ogre (D:8)
  A bullfrog (D:8)
  A worker ant (D:8)
  A plant (D:7)
4 creatures vanquished.

Grand Total: 306 creatures vanquished

Notes
Turn   | Place    | Note
-------+----------+-------------------------------------------
     0 | D:1      | Irenicus the Octopode Chaos Knight began the quest for the Orb.
     0 | D:1      | Reached XP level 1. HP: 16/16 MP: 1/1
    69 | D:1      | Reached XP level 2. HP: 13/21 MP: 2/2
   509 | D:1      | XOM: harmless Chrm miscast
   541 | D:1      | Reached XP level 3. HP: 22/26 MP: 3/3
   557 | D:1      | XOM: harmless Summ miscast
   571 | D:1      | XOM: mild Necr miscast
   594 | D:1      | XOM: cloud trail
   609 | D:1      | XOM: medium Necr miscast
   610 | D:1      | Noticed a shadow
   610 | D:1      | Noticed a shadow
   898 | D:2      | XOM: potion effect (berserk rage)
  1041 | D:2      | Noticed Robin
  1047 | D:2      | XOM: cast spell 'Leda's Liquefaction'
  1064 | D:2      | Killed Robin
  1064 | D:2      | Reached XP level 4. HP: 9/31 MP: 4/4
  1094 | D:2      | XOM: harmless Summ miscast
  1120 | D:2      | Reached skill level 5 in Long Blades
  1576 | D:2      | XOM: noise
  1779 | D:3      | Reached XP level 5. HP: 13/36 MP: 5/5
  1914 | D:3      | XOM: silly message
  2017 | D:3      | Found an opulent altar of Gozag.
  2049 | D:3      | XOM: harmless Erth miscast
  2401 | D:4      | Found a radiant altar of Vehumet.
  2410 | D:4      | Got a blackened spear
  2411 | D:4      | Identified the +9 spear of Indomitability {drain, rPois rC+ Str+4} (You found it on level 4 of the Dungeon)
  2615 | D:4      | XOM: potion effect (brilliance)
  2622 | D:4      | Reached skill level 1 in Polearms
  2622 | D:4      | Reached XP level 6. HP: 37/42 MP: 6/6
  2722 | D:4      | Noticed Menkaure
  2722 | D:4      | XOM: mild Pois miscast
  2727 | D:4      | Killed Menkaure
  2727 | D:4      | Reached skill level 2 in Polearms
  2841 | D:4      | XOM: silly message
  2904 | D:4      | Reached XP level 7. HP: 45/49 MP: 7/7
  3104 | D:4      | Noticed Irenicus's ghost (amateur OpCK)
  3106 | D:4      | XOM: summons 2 friendly demons
  3108 | D:4      | Killed Irenicus's ghost
  3108 | D:4      | Reached skill level 3 in Polearms
  3126 | D:4      | Reached skill level 5 in Fighting
  3126 | D:4      | Reached skill level 4 in Polearms
  3345 | D:5      | Entered Level 5 of the Dungeon
  3394 | D:5      | Reached skill level 5 in Polearms
  3398 | D:5      | Reached XP level 8. HP: 51/55 MP: 8/8
  3468 | D:5      | XOM: scenery: create altars
  3513 | D:5      | Reached skill level 6 in Polearms
  3516 | D:5      | Found a sand-covered staircase.
  3520 | Ossuary  | Entered an ossuary
  3521 | Ossuary  | XOM: enchant monster (good)
  3526 | Ossuary  | XOM: butterfly on damage
  3685 | D:5      | Found a stormy altar of Qazlal.
  3693 | D:5      | XOM: confuse monster(s)
  3761 | D:5      | Found Pyt Lixt's Assorted Antiques.
  3842 | D:5      | Reached skill level 7 in Polearms
  3987 | D:6      | Reached skill level 8 in Polearms
  4048 | D:6      | Reached XP level 9. HP: 36/61 MP: 9/9
  4112 | D:6      | Reached skill level 9 in Polearms
  4170 | D:6      | Noticed Pikel
  4175 | D:6      | XOM: enchant monster (good)
  4183 | D:6      | XOM: 3-stop teleportation journey
  4201 | D:6      | XOM: 3-stop teleportation journey
  4229 | D:6      | Pikel changed into Pikel the acid dragon
  4229 | D:6      | XOM: polymorph Pikel -> Pikel the acid dragon
  4238 | D:6      | XOM: divination: detect creatures
  4245 | D:6      | XOM: polymorph slave -> naga
  4250 | D:6      | XOM: cast spell 'Metabolic Englaciation'
  4292 | D:6      | Gained mutation: You are partially covered in slimy green scales. (AC +2) [mutagenic meat]
  4293 | D:6      | Gained mutation: Your body sometimes deteriorates upon taking damage. [mutagenic meat]
  4294 | D:6      | Lost mutation: Your body sometimes deteriorates upon taking damage. [mutagenic meat]
  4295 | D:6      | Gained mutation: You are weak. (Str -2) [mutagenic meat]
  4364 | D:6      | XOM: noise
  4500 | D:6      | Noticed dscm's ghost (novice HOFi)
  4519 | D:6      | Killed dscm's ghost
  4519 | D:6      | Reached skill level 10 in Polearms
  4789 | D:6      | XOM: mild Summ miscast
  5014 | D:7      | XOM: confuse monster(s)
  5025 | D:7      | Found a shattered altar of Ashenzari.
  5027 | D:7      | XOM: confusion
  5193 | D:7      | Found a staircase to the Ecumenical Temple.
  5242 | D:7      | XOM: summons 4 hostile demons
  5245 | D:7      | XOM: smoke on damage
  5280 | D:7      | Reached skill level 11 in Polearms
  5412 | D:7      | Found a basalt altar of Yredelemnul.
  5434 | D:7      | XOM: 5-stop teleportation journey
  5608 | D:7      | XOM: scenery: 1 doors close
  5746 | D:8      | Noticed Grum
  5750 | D:8      | XOM: summons 4 friendly demons
  5756 | D:8      | Reached XP level 10. HP: 50/66 MP: 10/10
  5766 | D:8      | Killed Grum
  5777 | D:8      | Reached skill level 12 in Polearms
  5790 | D:8      | XOM: god gift: 14 stones
  5900 | D:8      | XOM: 2-stop teleportation journey
  5921 | D:8      | Found a runed door.
  5931 | D:8      | Noticed a sixfirhy
  6076 | D:8      | XOM: cast spell 'Necromutation'
  6081 | D:8      | XOM: summons 8 friendly demons
  6105 | D:8      | XOM: 1-stop teleportation journey
  6114 | D:8      | Found a shimmering altar of Xom.
  6281 | D:8      | Found a deep blue altar of Sif Muna.
  6354 | D:8      | XOM: god gift: 13 gold pieces
  6826 | D:9      | Got a smoking trident
  6827 | D:9      | Identified the +7 trident "Noahebry" {flame, Dex+4} (You found it on level 9 of the Dungeon)
  7079 | D:9      | Noticed a two-headed ogre
  7091 | D:9      | Reached skill level 13 in Polearms
  7127 | D:9      | XOM: summons friendly iron imp
  7132 | D:9      | Killed a two-headed ogre
  7322 | D:9      | XOM: harmless Tloc miscast
  7369 | D:10     | Entered Level 10 of the Dungeon
  7374 | D:10     | Noticed a brown ugly thing
  7386 | D:10     | Killed a brown ugly thing
  7409 | D:10     | Lost mutation: You are weak. (Str -2) [mutagenic meat]
  7410 | D:10     | Gained mutation: You are partially covered in yellow scales. (AC +2) [mutagenic meat]
  7411 | D:10     | Gained mutation: Your magical capacity is low. (-10% MP) [mutagenic meat]
  7412 | D:10     | Gained mutation: One of your tentacles bears a spike. [mutagenic meat]
  7497 | D:10     | XOM: mild Summ miscast
  7517 | D:9      | XOM: harmless Chrm miscast
  7733 | D:8      | XOM: harmless Conj miscast
  7807 | D:8      | XOM: medium Tloc miscast
  7810 | D:8      | HP: 5/108 [sixfirhy (9)]
  7827 | D:8      | Killed a sixfirhy
  7827 | D:8      | Reached XP level 11. HP: 62/77 MP: 9/9
  7904 | D:8      | Noticed a two-headed ogre
  7921 | D:8      | XOM: silly message
  8006 | D:8      | XOM: mild Erth miscast
  8009 | D:8      | XOM: confusion (+ monsters)
  8020 | D:8      | Killed a two-headed ogre
  8338 | D:9      | XOM: mild Conj miscast
  8371 | D:10     | XOM: cloud trail
  8391 | D:10     | Found a stormy altar of Qazlal.
  8413 | D:10     | Noticed a two-headed ogre
  8443 | D:10     | XOM: butterfly on damage
  8452 | D:10     | Killed a two-headed ogre
  8452 | D:10     | Reached skill level 1 in Shields
  8772 | D:10     | Reached skill level 5 in Dodging
  9149 | D:11     | XOM: harmless Summ miscast
  9174 | D:11     | XOM: summons 3 friendly demons
  9477 | D:11     | Reached skill level 5 in Shields
  9508 | D:11     | Found a staircase to the Lair.
  9631 | D:11     | Reached skill level 1 in Stealth
  9657 | D:11     | XOM: medium Hex miscast
  9721 | D:12     | Identified a scroll of acquirement
  9722 | D:12     | Got a heavily runed copper amulet
  9723 | D:12     | Identified the amulet of Hepliaklqana's Scorn {Faith *Slow rElec rPois Int+4} (You acquired it on level 12 of the Dungeon)
  9735 | D:12     | Noticed a two-headed ogre
  9766 | D:12     | Found a staircase to the Orcish Mines.
  9782 | D:12     | Noticed Fannar
  9791 | D:12     | Killed Fannar
  9794 | D:12     | Reached skill level 5 in Stealth
  9796 | D:12     | XOM: summons 2 friendly demons
  9806 | D:12     | Noticed a deep elf mage
  9814 | D:12     | Noticed a four-headed hydra
  9823 | D:12     | Killed a deep elf mage
  9956 | D:12     | Noticed a deep elf mage
  9959 | D:12     | Killed a deep elf mage
  9959 | D:12     | Reached XP level 12. HP: 49/85 MP: 9/10
  9978 | D:12     | XOM: confuse monster(s)
  9985 | D:12     | Killed a four-headed hydra
 10039 | D:12     | XOM: polymorph hound -> gnoll
 10049 | D:12     | Noticed Nessos
 10060 | D:12     | XOM: enchant monster (good)
 10067 | D:12     | XOM: mild Hex miscast
 10069 | D:12     | Lost mutation: One of your tentacles bears a spike. [potion of mutation]
 10069 | D:12     | Lost mutation: You are partially covered in slimy green scales. (AC +2) [potion of mutation]
 10069 | D:12     | Lost mutation: Your magical capacity is low. (-10% MP) [potion of mutation]
 10069 | D:12     | Lost mutation: You are partially covered in yellow scales. (AC +2) [potion of mutation]
 10069 | D:12     | Gained mutation: You are partially covered in large bone plates. (SH +4) [potion of mutation]
 10069 | D:12     | Gained mutation: You are partially covered in molten scales. (AC +2) [potion of mutation]
 10071 | D:12     | Slain by a wraith

Skill      XL: |  1  2  3  4  5  6  7  8  9 10 11 12 |
---------------+-------------------------------------+-----
Long Blades    | 4 5 6 |  6.0
Polearms       | 1 2 5 8 11 13 | 13.0
Fighting       | 4 5 8 9 |  9.0
Dodging        | 3 6 |  6.9
Shields        | 5 |  5.0
Stealth        | 6 7 |  7.1
Evocations     | |  0.7

Action                   |  1- 3 |  4- 6 |  7- 9 | 10-12 || total
-------------------------+-------+-------+-------+-------++-------
Melee: Falchion          |    82 |    46 |       |       ||   128
       Constrict         |    18 |    21 |    36 |    24 ||    99
       Tentacles         |    11 |    10 |    38 |    47 ||   106
       Spear             |       |    37 |   269 |   350 ||   656
       Kick              |       |       |       |    58 ||    58
Evoke: Wand              |       |       |       |     4 ||     4
  Use: Potion            |     2 |       |     1 |    19 ||    22
       Scroll            |       |       |       |    15 ||    15
 Stab: Sleeping          |     9 |     9 |    25 |    15 ||    58
       Confused          |       |       |     2 |     2 ||     4
       Paralysed         |       |       |     1 |       ||     1
       Invisible         |       |       |       |     4 ||     4
       Distracted        |       |       |       |     3 ||     3
  Eat: Chunk             |       |     6 |    13 |    16 ||    35
       Fruit             |       |       |       |     3 ||     3
Armor: Skin              |    15 |     4 |     8 |    37 ||    64
Dodge: Dodged            |    24 |    32 |    57 |    64 ||   177
Block: Buckler           |       |       |       |    19 ||    19
       Rpst.: Falchion   |     4 |     9 |       |       ||    13
